 Dungeon Crawl Stone Soup version 0.28.0-53-g5a82cb258f (webtiles) character file.

Game seed: 13259280313422590855

1810 kudzoo the Grappler (level 8, 0/79 HPs)
             Began as a Troll Berserker on July 14, 2022.
             Was a Priest of Trog.
             Succumbed to a water moccasin's poison
             ... on level 8 of the Dungeon.
             The game lasted 01:05:26 (3283 turns).

kudzoo the Grappler (Troll Berserker)               Turns: 3283, Time: 01:05:26

Health: 0/79       AC:  4    Str: 28    XL:     8   Next: 84%
Magic:  3/7        EV: 11    Int:  3    God:    Trog [***...]
Gold:   207        SH:  0    Dex:  9    Spells: 7/7 levels left

rFire   . . .      SeeInvis +     - Unarmed
rCold   . . .      Faith    .   (no shield)
rNeg    . . .      Spirit   +   i - +0 animal skin
rPois   .          Reflect  .   (helmet restricted)
rElec   .          Harm     .   (no cloak)
rCorr   .          Rampage  .   (gloves unavailable)
Will    ++...                   (boots unavailable)
Stlth   ++........              o - amulet of guardian spirit
HPRegen 2.03/turn               f - ring of see invisible
MPRegen 0.10/turn               (no ring)

@: lethally poisoned (0 -> -5), strong-willed, on berserk cooldown,
regenerating, slowed, very slow
A: large, unfitting armour, claws 3, regeneration 1, shaggy fur 1, tough skin 1
a: Renounce Religion, Berserk, Trog's Hand


You were on level 8 of the Dungeon.
You worshipped Trog.
Trog was most pleased with you.
You visited 2 branches of the dungeon, and saw 10 of its levels.

You collected 207 gold pieces.

Inventory:

Hand Weapons
 a - the +7 spear of Impermanence {freeze, Str+2}
   (You found it on level 2 of the Dungeon)

   It freezes those it strikes, dealing additional cold damage.
   It can also slow down cold-blooded creatures.
   Str:       It affects your strength (+2).
 m - a +1 hand axe of flaming
 n - a +3 mace
 A - a +2 war axe of electrocution
 F - a +1 trident of protection
 G - a +1 dagger of venom
 H - a +1 vorpal flail
 I - a +0 hand axe of flaming
 K - a +2 war axe of freezing
Missiles
 b - 132 arrows
 c - 84 stones (quivered)
 u - 3 javelins
 w - 11 poisoned darts
 E - 2 boomerangs
Armour
 i - a +0 animal skin (worn)
 r - a +0 robe
Jewellery
 f - a ring of see invisible (left claw)
 o - an amulet of guardian spirit (around neck)
 y - an amulet of the acrobat
 z - a ring of magical power
Wands
 q - a wand of acid (23)
 D - a wand of charming (14)
Scrolls
 d - a scroll of teleportation {unknown}
 e - 2 scrolls of identify {unknown}
 g - a scroll of enchant weapon {unknown}
 h - a scroll of enchant armour {unknown}
 k - 2 scrolls of immolation {unknown}
 l - a scroll of blinking {unknown}
 p - 3 scrolls of vulnerability {unknown}
 x - a scroll of torment {unknown}
 B - a scroll of amnesia {unknown}
 J - a scroll of noise {unknown}
Potions
 j - 2 potions of haste {unknown}
 s - 2 potions of curing {unknown}
 t - a potion of lignification {unknown}
 v - a potion of heal wounds {unknown}
 C - a potion of brilliance {unknown}


   Skills:
 + Level 4.3 Fighting
 * Level 0.4 Polearms
 + Level 1.4 Throwing
 + Level 5.1 Dodging
 + Level 1.8 Stealth
 + Level 8.7 Unarmed Combat


You had 7 spell levels left.
You didn't know any spells.
Your spell library contained the following spells:

 Spells                   Type           Power      Damage    Failure   Level
 Foxfire                  Conj/Fire      0%         2x1d4     52%         1
 Slow                     Hex            0%         N/A       52%         1
 Sting                    Tmut/Pois      0%         1d3       52%         1
 Poisonous Vapours        Pois/Air       0%         N/A       67%         2
 Confusing Touch          Hex            0%         N/A       88%         3
 Conjure Flame            Conj/Fire      0%         6-21      88%         3
 Inner Flame              Hex/Fire       0%         N/A       88%         3
 Ozocubu's Armour         Ice            0%         N/A       88%         3
 Vampiric Draining        Necr           0%         2d6       88%         3
 Flame Wave               Conj/Fire      0%         2d4       99%         4
 Olgreb's Toxic Radiance  Pois           0%         N/A       99%         4
 Ozocubu's Refrigeration  Ice            0%         4d5       100%        7


Dungeon Overview and Level Annotations

Branches:
Dungeon (9/15)             Temple (1/1) D:7
   Lair: D:8-11         Orc: D:9-12

Altars:
Dithmenos
Fedhas
Gozag
Hepliaklqana
Kikubaaqudgha
Makhleb
Nemelex Xobeh
Ru
Sif Muna
Trog
Uskayaw
Vehumet
Wu Jian
Yredelemnul
Zin
The Shining One

Annotations:
D:2 Sigmund
D:5 Duvessa
D:6 Maggie


Innate Abilities, Weirdness & Mutations

You are too large for most types of armour.
You have claws for hands.
Your natural rate of healing is unusually fast.
You are covered in fur. (AC +1)
You have tough skin. (AC +1)


Message History

The water moccasin bites you.
* * * LOW HITPOINT WARNING * * *
You claw the water moccasin!
The water moccasin is severely wounded.
You feel sick. The water moccasin bites you.
* * * LOW HITPOINT WARNING * * *
You are more poisoned.
The water moccasin poisons you!
You barely miss the water moccasin.
The water moccasin is severely wounded.
You feel very sick. The water moccasin bites you.
* * * LOW HITPOINT WARNING * * *
You are lethally poisoned!
The water moccasin poisons you!
You closely miss the water moccasin.
The water moccasin is severely wounded.
* * * LOW HITPOINT WARNING * * *
You feel very sick. The water moccasin closely misses you.
You claw the water moccasin!
You kill the water moccasin!
Trog accepts your kill.
* * * LOW HITPOINT WARNING * * *
You feel very sick.
You are too berserk!
* * * LOW HITPOINT WARNING * * *
You feel very sick.
You feel a strong urge to attack something.
* * * LOW HITPOINT WARNING * * *
You feel very sick.
* * * LOW HITPOINT WARNING * * *
You feel very sick.
You feel your anger nearly subside.
* * * LOW HITPOINT WARNING * * *
You feel very sick.
You are no longer berserk.
You are exhausted.
You feel yourself slow down.
You die...

### ###
#.######.######
#.#............
#.#.####.######
#####........#
#...#.###.#..#
######.#...# # #..#
...........###.#..####
######@#......#.....#
#†#.######.###.# #.#.#
#.# #.###
#.#.######.###.##.
#.#............##.
#.########.##..##. #.#
#.##..#.# #..
#.##...## .# #.##....#


There were no monsters in sight!

Vanquished Creatures
  2 water moccasins
  2 orc warriors
  A sky beast (D:3)
  A black bear (D:8)
  A centaur (D:7)
  A phantom (D:6)
  A kobold brigand (D:7)
  2 wyvern skeletons
  4 wights (D:9)
  A howler monkey (D:4)
  A centaur zombie (D:8)
  3 hounds
  A centaur skeleton (D:7)
  3 orc priests
  A jelly (D:6)
  3 iguanas (D:5)
  7 orc wizards
  6 gnolls
  4 adders
  2 white imps
  An ufetubus (D:7)
  19 orcs
  2 endoplasms
  2 goblins (D:1)
  8 hobgoblins
  6 jackals
  6 kobolds
  2 quokkas
  3 ball pythons
  4 bats
  3 frilled lizards
  A quokka skeleton (D:4)
  A rat (D:1)
105 creatures vanquished.

Notes
Turn   | Place    | Note
-------+----------+-------------------------------------------
     0 | D:1      | kudzoo the Troll Berserker began the quest for the Orb.
     0 | D:1      | Reached XP level 1. HP: 22/22 MP: 0/0
   102 | D:2      | Noticed Sigmund
   139 | D:1      | Reached XP level 2. HP: 25/29 MP: 1/1
   281 | D:4      | Reached XP level 3. HP: 26/36 MP: 2/2
   326 | D:3      | Found a burning altar of Makhleb.
   450 | D:4      | Reached skill level 4 in Unarmed Combat
   450 | D:4      | Reached XP level 4. HP: 42/44 MP: 3/3
   468 | D:4      | Reached XP level 5. HP: 52/53 MP: 4/4
   548 | D:2      | Identified the +7 spear of Impermanence {freeze, Str+2}
   555 | D:2      | Reached ** piety under Trog
   649 | D:3      | Noticed a sky beast
   687 | D:3      | Killed a sky beast
   688 | D:3      | Reached skill level 5 in Unarmed Combat
   792 | D:4      | Found an ornate altar of the Wu Jian Council.
   828 | D:5      | Entered Level 5 of the Dungeon
   858 | D:4      | Reached XP level 6. HP: 61/61 MP: 5/5
  1101 | D:4      | Noticed a water moccasin
  1112 | D:4      | Killed a water moccasin
  1113 | D:4      | Reached skill level 6 in Unarmed Combat
  1113 | D:4      | Reached XP level 7. HP: 40/67 MP: 6/6
  1371 | D:6      | Reached skill level 1 in Stealth
  1857 | D:5      | Noticed Duvessa
  1915 | D:7      | Reached *** piety under Trog
  2010 | D:6      | Noticed Maggie
  2087 | D:7      | Reached skill level 7 in Unarmed Combat
  2102 | D:7      | Reached XP level 8. HP: 78/78 MP: 7/7
  2438 | D:8      | Found a glowing silver altar of Zin.
  2478 | D:7      | Found a staircase to the Ecumenical Temple.
  2488 | Temple   | Entered the Ecumenical Temple
  2904 | D:9      | Reached skill level 8 in Unarmed Combat
  3052 | D:9      | Reached skill level 1 in Throwing
  3052 | D:9      | Reached skill level 5 in Dodging
  3281 | D:8      | HP: 4/118 [poisoned by a water moccasin]
  3283 | D:8      | Succumbed to a water moccasin's poison

Illustrated notes

Levels and vault maps discovered:
D:1:      eino_arrival_cavern_e, layout_loops_cross
D:2:      kennysheep_six_static_rooms, layout_rooms,
          wad_floor_pattern_untrapped, uniq_sigmund
D:3:      layout_loops_cross, ashenzari_conservatory_becter,
          overflow_temple_1_default, minivault_25, roderic_batcave
D:4:      layout_gridville, overflow_temple_1_default, kennysheep_another_room,
          minmay_between
D:5:      layout_basic, uniq_duvessa
D:6:      layout_loops_ring, uniq_maggie
D:7:      layout_cave_pools, minmay_temple_entry_slanted, serial_bayou_pond_d
D:8:      layout_loops_ring, mainiacjoe_overflow_surrounded_room,
          zin_scriptorium, erik_lair_dragon, nicolae_looking_at_the_future
D:9:      layout_gridville, david_orc_2, mrwooster_statue_mirror
Temple:   dshaligram_water_room_temple

Skill      XL: |  1  2  3  4  5  6  7  8 |
---------------+-------------------------+-----
Dodging        | 3 4 5 |  5.1
Unarmed Combat | 4 5 6 7 8 |  8.7
Fighting       | 3 4 |  4.3
Stealth        | 1 |  1.8
Throwing       | 1 |  1.4
Polearms       | |  0.4

Action                   |  1- 3 |  4- 6 |  7- 9 || total
-------------------------+-------+-------+-------++-------
Melee: Unarmed           |    61 |    95 |   170 ||   326
       Punch             |       |     3 |     3 ||     6
       Spear             |       |       |     8 ||     8
Throw: Stone             |       |       |    31 ||    31
Invok: Berserk           |       |     1 |     3 ||     4
       Trog's Hand       |       |       |     1 ||     1
 Stab: Sleeping          |     1 |       |     2 ||     3
       Distracted        |       |       |     1 ||     1
Armor: Animal skin       |    19 |    17 |    37 ||    73
Dodge: Dodged            |    35 |    42 |    71 ||   148
